 Dungeon Crawl Stone Soup version 0.20.1-1-g8b1a95d (webtiles) character file.

178 veneficus the Poker (level 5, -3/38 HPs)
             Began as a Merfolk Skald on Nov 5, 2017.
             Killed from afar by an orc wizard (9 damage)
             ... with a magic dart
             ... on level 3 of the Dungeon.
             The game lasted 00:06:08 (3901 turns).

veneficus the Poker (Merfolk Skald)                 Turns: 3901, Time: 00:06:09

Health: -3/38      AC:  3    Str: 12    XL:     5   Next: 58%
Magic:  1/8        EV: 11    Int: 12    God:
Gold:   158        SH:  3    Dex: 14    Spells: 3/8 levels left

rFire    . . .     SeeInvis .   a - +0 spear
rCold    + . .     Gourm    .   g - +0 buckler
rNeg     . . .     Faith    .   b - +0 leather armour
rPois    .         Spirit   .   (no helmet)
rElec    .         Reflect  .   (no cloak)
rCorr    +         Harm     .   (no gloves)
MR       .....                  (no boots)
Stlth    +.........             (no amulet)
Regen    0.2/turn               f - ring of resist corrosion
MPRegen  0.2/turn               m - ring of protection from cold

@: no status effects
A: change form in water, swift swim, stealthy swim
a: no special abilities


You were on level 3 of the Dungeon.
You were not hungry.

You visited 1 branch of the dungeon, and saw 3 of its levels.

You collected 158 gold pieces.

Inventory:

Hand Weapons
 a - a +0 spear (weapon)
Armour
 b - a +0 leather armour (worn)
 g - a +0 buckler (worn)
Jewellery
 f - a ring of resist corrosion (left hand)
 i - an uncursed amulet of faith
 m - a ring of protection from cold (right hand)
Scrolls
 e - 4 scrolls of teleportation {unknown}
 h - 2 scrolls of enchant weapon {unknown}
 j - 2 scrolls of identify {unknown}
 r - a scroll of remove curse {unknown}
Potions
 k - a potion of heal wounds {unknown}
 l - a potion of mutation {unknown}
 o - a potion of brilliance {unknown}
 q - 3 potions of might {unknown}
 s - a potion of resistance {unknown}
Books
 c - a book of Battle

   Spells                             Type                      Level
   a - Infusion                       Charms                       1
   b - Shroud of Golubria             Charms/Translocation         2
   c - Song of Slaying                Charms                       2
   d - Spectral Weapon                Hexes/Charms                 3
   e - Regeneration                   Charms/Necromancy            3
Comestibles
 d - 2 bread rations
 n - a royal jelly
 p - 4 chunks of flesh


   Skills:
 - Level 2.1 Fighting
 * Level 6.6 Polearms
 - Level 0.6 Armour
 - Level 2.6 Dodging
 - Level 2.0 Spellcasting
 + Level 4.8 Charms


You had 3 spell levels left.
You knew the following spells:

 Your Spells              Type           Power        Failure   Level  Hunger
a - Infusion              Chrm           ##..         9%          1    ##.....
b - Shroud of Golubria    Chrm/Tloc      #.........   32%         2    ###....
c - Song of Slaying       Chrm           ##......     12%         2    ###....


Dungeon Overview and Level Annotations

Branches:
Dungeon (3/15)

Altars:
Kikubaaqudgha


Message History

You closely miss the orc wizard. The orc wizard misses you.
You hit the orc wizard but do no damage.
The orc wizard looks braver for a moment.
Spoiler Alert: The orc wizard might cast Slow, Confuse, Throw Flame, or go Invisible!
You hit the orc wizard but do no damage.
The orc wizard hits you but does no damage.
You hit the orc wizard. The orc wizard hits you with a dagger.
* * * LOW HITPOINT WARNING * * *
You block the orc wizard's attack.
You take 3 damage, and have 6/38 hp.
Spoiler Alert: The orc wizard might cast Slow, Confuse, Throw Flame, or go Invisible!
You hit the orc wizard.
The orc wizard gestures wildly while chanting.
The orc wizard flickers and vanishes!
Deactivating autopickup; reactivate with Ctrl-A.
You miss something.
You hear some strange, mumbled words.
A magic dart appears from out of thin air!
The magic dart hits you!
You die...

#.# #.# #.# # ##
##.##.#... ##...#...>
#.####......#
#.....)†o...#
########{##.# .#. #@#
... #.# #.# ##'## #.#
##...## #.# ##.....##
#.#
#.....[.######.#####
#.........##........##
+.........÷...........
#.........##.#...##.##


You could see an orc.

Vanquished Creatures
  A vampire bat (D:2)
  4 gnolls (D:3)
  2 adders
  An ooze (D:1)
  5 worms
  2 dart slugs
  A leopard gecko (D:1)
  2 orcs (D:3)
  2 bat skeletons (D:2)
  3 bat zombies (D:2)
  4 giant cockroaches
  5 goblins
  4 hobgoblins
  A quokka (D:3)
  9 bats
  4 frilled lizards
  4 kobolds
  12 rats
66 creatures vanquished.

Notes
Turn   | Place    | Note
-------+----------+-------------------------------------------
     0 | D:1      | veneficus the Merfolk Skald began the quest for the Orb.
     0 | D:1      | Reached XP level 1. HP: 16/16 MP: 3/3
    17 | D:1      | Reached XP level 2. HP: 20/22 MP: 0/5
   543 | D:1      | Reached skill level 4 in Polearms
  1083 | D:1      | Reached XP level 3. HP: 27/27 MP: 3/6
  1755 | D:2      | Learned a level 2 spell: Shroud of Golubria
  1758 | D:2      | Learned a level 2 spell: Song of Slaying
  1832 | D:2      | Found an ancient bone altar of Kikubaaqudgha.
  1836 | D:2      | Reached skill level 5 in Polearms
  1836 | D:2      | Reached XP level 4. HP: 33/33 MP: 7/7
  3390 | D:3      | Reached skill level 6 in Polearms
  3390 | D:3      | Reached XP level 5. HP: 35/38 MP: 8/8
  3901 | D:3      | Killed from afar by an orc wizard

Skill      XL: |  1  2  3  4 |
---------------+-------------+-----
Polearms       | 4 5 6 |  6.6
Charms         | 4 |  4.8
Fighting       | |  2.1
Armour         | |  0.6
Dodging        | |  2.6
Spellcasting   | |  2.0

Action                   |  1- 3 |  4- 6 || total
-------------------------+-------+-------++-------
Melee: Spear             |    88 |   175 ||   263
 Cast: Infusion          |     4 |     5 ||     9
       Shroud of Golubri |       |     2 ||     2
 Stab: Sleeping          |       |     2 ||     2
  Eat: Chunk             |     2 |     8 ||    10
Armor: Leather armour    |    28 |    15 ||    43
Dodge: Dodged            |    42 |    44 ||    86
Block: Buckler           |     8 |    17 ||    25
